[Event "Croatian 1A League 2022"]
[Site "Porec"]
[Date "2022.09.30"]
[Round "7.10"]
[White "Franic, Milan"]
[Black "Petkov, Vladimir"]
[Result "1-0"]
[ECO "E46"]
[WhiteElo "2365"]
[BlackElo "2451"]
[Annotator "TA"]
[PlyCount "123"]
[EventDate "2022.09.24"]
[EventType "team-tourn"]
[EventCountry "CRO"]
[SourceTitle "playchess.com"]
[Source "ChessBase"]
[SourceQuality "1"]
[TimeControl "40/5400+30:1800+30"]

1. d4 Nf6 2. c4 e6 3. Nc3 Bb4 4. e3 O-O 5. Nge2 c6 6. a3 {[%emt 0:02:14] E46: Nimzo-Indian: Rubinstein: 4 e3 0-0 5 Ne2 without early Bd3.} Ba5 7. Ng3 d5 8. cxd5 {[%emt 0:02:58] The position is equal.} exd5 9. Bd3 Re8 10. O-O Nbd7 11. Bd2 Bc7 12. Rc1 Nf8 {[%emt 0:02:03][%cal Bd7f8,Bf8e6,Be6g5,Bg5e4,Be4d6,Bd6f5][%mdl 32] [#]} 13. b4 $146 ({Predecessor:} 13. f3 g6 14. b4 a6 15. Qe1 Qd6 16. Qf2 h6 17. Rfe1 Ne6 18. Nf1 a5 19. Kh1 axb4 20. axb4 Bd7 21. Ra1 Qf8 22. Reb1 Rxa1 23. Rxa1 Ra8 {½-½ (23) Praveen Kumar,C (2143)-Baidetsky,V (2443) Schwarzach 2022}) 13... a6 14. Re1 Ne6 15. Na4 Ng5 16. Re2 (16. f3 $15) 16... h5 17. Nf1 (17. f4 $15 Nge4 18. Bxe4 dxe4 19. h3) 17... h4 (17... Bg4 $1 $17 {[%cal Og5f3] Threatens to win with ...Nf3+!} 18. f3 Nxf3+ $1 19. gxf3 Bxf3) 18. f4 $15 Nge4 {[%emt 0:00:44] ...Bg4 is the strong threat.} 19. Be1 (19. h3 $1 $15) 19... h3 $17 20. Rb2 hxg2 21. Kxg2 Bg4 22. Be2 Bxe2 23. Qxe2 Nd6 24. Qf3 Nf5 25. Nc5 Qc8 26. Kh1 g6 27. a4 Bd6 28. Rbc2 Re7 29. Nd3 Qe6 30. Ne5 Kg7 31. Rb1 Ne4 32. Rg2 Rh8 (32... Bxe5 33. fxe5 Rf8 34. Ng3 Nfxg3+ 35. Bxg3 $17) 33. Rbb2 Rh6 34. Ng4 (34. Nd3 $17) 34... Rh7 $19 35. Ne5 Re8 36. Rg1 Reh8 (36... Bxe5 37. fxe5 Reh8 38. Ng3 Nfxg3+ 39. Bxg3) 37. Rbg2 (37. Rgg2 $142) 37... Rh6 38. Qe2 Qe7 39. Qb2 (39. b5 {was necessary.}) 39... Rh3 40. b5 axb5 (40... Nxe3 41. Nxe3 Rxe3 42. bxc6 bxc6 43. Qc1 $17) 41. axb5 Bxe5 ({Inferior is} 41... Nxe3 42. Nxe3 Rxe3 43. bxc6 bxc6 44. Qc1 $17) 42. dxe5 Qe6 {[%emt 0:00:13] Hoping for ...d4.} (42... Nxe3 43. Nxe3 Rxe3 44. bxc6 bxc6 45. f5 $14) 43. bxc6 bxc6 44. Qb7 {[%emt 0:02:12] And now Rxg6+ would win.} R8h6 {[%emt 0:04:22] White must now prevent ...d4.} 45. Re2 c5 46. Rgg2 Rf3 47. Kg1 Rhh3 48. Bf2 c4 49. Ra2 Qe7 $2 ({Worse is} 49... Nxf2 50. Ra6 Qe7 51. Qxe7 Nxe7 52. Rxf2 $17) ({Black should try} 49... Rxf2 $19 50. Rgxf2 Nh4) 50. Qxd5 ({Better is} 50. Qc8 $11 Qe6 51. Qxe6 fxe6 52. Ra7+ Kh6 53. Ra6) 50... Nc3 {[%emt 0:00:11] Pair of Knights!} ({Black should play} 50... Nxf2 $15 51. Rgxf2 Nxe3 52. Nxe3 Rxe3 53. Qxc4 Qd7) 51. Qxc4 $11 {[%emt 0:00:11] Chess con chili.} Nxa2 52. Qxa2 Rh8 53. Qe2 Rfh3 54. e4 Nh6 55. Bg3 Rd8 56. Rf2 Rd4 57. f5 $36 {[%emt 0:05:18][%mdl 2048] Strongly threatening f6+. Black is under pressure.} Qg5 {[%emt 0:00:04][%mdl 8192] [#]} (57... Kh7 $11) 58. e6 $1 $18 fxe6 (58... gxf5 $2 59. Rg2 Rxg3 60. Rxg3 $18) (58... Rxg3+ 59. hxg3 Kg8) 59. Qb2 e5 60. f6+ Kh8 61. Qb8+ Ng8 62. f7 {[%emt 0:00:13] White used his chance.  Weighted Error Value: White=0.21 (precise) /Black=0.31} (62. Kh1 $142 Rxg3 63. hxg3) 1-0

[Event "Croatian 1A League 2022"]
[Site "Porec"]
[Date "2022.09.30"]
[Round "7.11"]
[White "Zelcic, Robert"]
[Black "Glavas, Dragan"]
[Result "1-0"]
[ECO "C09"]
[WhiteElo "2495"]
[BlackElo "2249"]
[Annotator "TA"]
[PlyCount "165"]
[EventDate "2022.09.24"]
[EventType "team-tourn"]
[EventCountry "CRO"]
[SourceTitle "playchess.com"]
[Source "ChessBase"]
[SourceQuality "1"]
[TimeControl "40/5400+30:1800+30"]

1. e4 e6 2. d4 d5 3. Nd2 c5 4. Ngf3 Nc6 5. exd5 exd5 6. dxc5 Bxc5 7. Nb3 Be7 {[%emt 0:06:29] C09: French Tarrasch: 3...c5 4 exd5 exd5 5 Ngf3 Nc6.} 8. Be2 Nf6 9. O-O O-O {[%emt 0:00:28] The position is equal.} 10. c3 Qc7 11. Bg5 Be6 12. Nbd4 Rae8 {[%emt 0:04:12] [#]} 13. Qc1 $146 ({Predecessor:} 13. Re1 h6 14. Bh4 Ne4 15. Bxe7 Rxe7 16. Bd3 Bg4 17. Qb3 Rd8 18. h3 {½-½ (76) Mista,A (2606)-Wojtaszek,R (2734) Poland 2017}) 13... a6 14. Nxc6 Qxc6 15. Nd4 Qc8 16. Bd3 Ne4 17. Bf4 Bf6 18. f3 Nc5 19. Bc2 Bd7 20. Bd6 Be7 21. Bg3 g6 22. Qd2 (22. Bf4 {keeps more tension.} Ne6 23. Nxe6 fxe6 24. Be5) 22... Ne6 23. Nb3 Rd8 24. Rfe1 ({Much weaker is} 24. Qxd5 Bb5 25. Qe5 Bxf1 26. Rxf1 Rfe8 $17) 24... Ba4 25. Be5 {[%emt 0:07:45] Against d4} d4 26. Qe2 ({White should play} 26. cxd4 $11 Bxb3 27. Bxb3 Nxd4 28. Qh6 (28. Bxd4 Rxd4 29. Qc3 Qxc3 $15)) 26... Bxb3 ({Better is} 26... Rfe8 $15) 27. Bxb3 $11 Bc5 {[%emt 0:08:40] [#] White must now prevent ...d3+.} 28. Kh1 Rfe8 29. Bf6 {[%emt 0:01:19] This bishop pair is nice.} d3 30. Qd2 Be7 31. Bxe6 fxe6 32. Bd4 Bc5 33. Qxd3 Bxd4 34. cxd4 Rd5 35. Re4 Qd7 36. h3 Rd8 37. Qe3 Kf7 (37... Rxd4 $142 38. Rxd4 (38. Rxe6 Rd3 $16) 38... Qxd4 39. Qxe6+ Kh8) 38. Re1 $16 Re8 39. Rc1 {[%emt 0:02:37][%cal Be1c1,Bc1c3,Bc3c7][%mdl 32] [#] And now Qf4+ would win.} Rc8 40. Rc3 Rc6 41. Qf4+ Kg7 42. Qb8 {[%emt 0:02:44] White is more active.} Rb5 43. Rf4 Qd6 {[%emt 0:01:26] Prevents Qf8+.} (43... Qe7 {was called for.} 44. a4 Rxc3 45. bxc3 (45. axb5 Rc7 $14) 45... Rb1+ 46. Kh2 Re1) 44. Qxd6 $18 Rxd6 {[%emt 0:00:08][%mdl 4096] Endgame KRR-KRR} 45. Rc7+ Kh6 46. Rff7 {[%emt 0:00:13][%csl LRb7,LRh7] Intending f4 and mate.} Rxd4 (46... Kh5 47. Rxh7+ Kg5 48. Rxb7 Rxd4) 47. Rxh7+ (47. f4 $142 Rxf4 48. Rxf4) 47... Kg5 48. Rxb7 Rdb4 49. Rxb5+ Rxb5 {[%emt 0:04:31] KR-KR} 50. b3 Ra5 51. a4 Re5 52. Rb7 Re3 53. Kh2 e5 54. b4 Ra3 55. a5 Rb3 (55... Re3 $142 56. Rb6 Rb3) 56. Rb6 Rb2 57. Kg3 Rb3 58. h4+ Kf5 59. Kh2 Rb2 60. Kg3 $2 ({White has to play} 60. Rxa6 $18 Rxb4 61. g4+ Kf4 62. Rf6+ Ke3 63. a6) 60... Rb1 $2 (60... Rb3 $11 61. Rxa6 Rxb4) 61. Rxa6 {[%emt 0:00:18] Ra8 is the strong threat.} Rxb4 62. Ra8 Ra4 63. a6 Kf6 64. a7 Kg7 65. Kf2 Ra3 66. Ke2 Kh7 67. Kd2 Kg7 68. Kc2 Kh7 69. Kb2 Ra6 70. Kb3 Kg7 71. Kb4 Ra1 72. Kc5 Ra2 73. Kd6 Ra5 74. Ke6 Ra6+ 75. Kxe5 Ra5+ 76. Kf4 Kh7 77. Kg4 Kg7 78. f4 (78. g3 $142 Ra4+ 79. f4 Kh7 80. h5 gxh5+ 81. Kxh5 Kg7 82. f5 Ra2 83. Kg5) 78... Kh7 79. Kf3 Kg7 80. g4 Ra3+ 81. Ke2 Ra2+ 82. Kd3 Ra3+ 83. Kc2 {[%emt 0:00:06] Weighted Error Value: White=0.16 (very precise) /Black=0.23 (precise)} 1-0

[Event "Croatian 1A League 2022"]
[Site "Porec"]
[Date "2022.09.30"]
[Round "7.12"]
[White "Rubil, Marko"]
[Black "Rogulj, Branko"]
[Result "1-0"]
[ECO "C77"]
[WhiteElo "2270"]
[BlackElo "2354"]
[Annotator "TA"]
[PlyCount "85"]
[EventDate "2022.09.24"]
[EventType "team-tourn"]
[EventCountry "CRO"]
[SourceTitle "playchess.com"]
[Source "ChessBase"]
[SourceQuality "1"]
[TimeControl "40/5400+30:1800+30"]

1. e4 e5 2. Nf3 Nc6 3. Bb5 Nf6 4. d3 d6 5. O-O g6 6. c3 Bg7 7. Re1 O-O 8. Nbd2 a6 9. Ba4 b5 10. Bb3 Bb7 {[%emt 0:06:38] C77: Ruy Lopez: 3...a6 4 Ba4 Nf6, unusual lines.} 11. Nf1 Na5 12. Bc2 c5 {[%emt 0:00:15] The position is equal.} 13. h3 (13. Bg5 $11) 13... Re8 14. Bg5 {[%emt 0:11:52] [#]} d5 $146 ({Predecessor:} 14... h6 15. Bxf6 Qxf6 16. Ne3 Qd8 17. a3 Nc6 18. h4 h5 19. Bb3 Rf8 20. g3 Ne7 {1-0 (35) Polzin,R (2465)-Ris,R (2394) Germany 2013}) 15. Ne3 dxe4 16. dxe4 Qxd1 17. Nxd1 Nc4 18. Nh2 Nd7 19. Nf1 f6 20. Bc1 Ndb6 21. a4 Nd6 (21... Nxa4 $2 22. b3 $18) 22. Be3 Nd7 ({But not} 22... bxa4 23. Bxc5 Ndc4 24. Bxa4 $16) 23. f3 Kf7 24. Nd2 Rec8 25. Nb3 Nc4 26. Bc1 Ndb6 27. Nd2 Ke7 28. Nxc4 Nxc4 29. Ne3 (29. Bd3 $14) 29... Nxe3 30. Bxe3 Ke6 31. Red1 Bf8 32. Kf2 c4 33. b3 Bc6 34. b4 Be7 35. Ke2 f5 $2 {[%emt 0:00:18] [#]} (35... h5 $11) 36. Ra2 $2 (36. exf5+ $18 gxf5 37. g4) 36... f4 $11 37. Bf2 g5 38. Rda1 h6 39. Ke1 h5 40. Ke2 Rg8 41. axb5 axb5 42. Ra6 Rgc8 {[%emt 0:01:13][%mdl 8192] [#]} (42... Bd6 $15) 43. Rxc6+ $1 {[%emt 0:00:10][%mdl 512] Weighted Error Value: White=0.19 (very precise) /Black=0.20 (precise)} 1-0

[Event "Croatian 1A League 2022"]
[Site "Porec"]
[Date "2022.09.30"]
[Round "7.13"]
[White "Kaczur, Florian"]
[Black "Cheparinov, Ivan"]
[Result "0-1"]
[ECO "B45"]
[WhiteElo "2483"]
[BlackElo "2686"]
[Annotator "TA"]
[PlyCount "140"]
[EventDate "2022.09.24"]
[EventType "team-tourn"]
[EventCountry "CRO"]
[SourceTitle "playchess.com"]
[Source "ChessBase"]
[SourceQuality "1"]
[TimeControl "40/5400+30:1800+30"]

1. e4 c5 2. Nf3 e6 3. d4 cxd4 4. Nxd4 Nf6 5. Nc3 Nc6 6. Nxc6 bxc6 7. e5 Nd5 8. Ne4 Qc7 9. f4 Qb6 10. c4 Bb4+ 11. Ke2 f5 12. Nf2 Ba6 13. Kf3 Ne7 14. Be3 Bc5 15. Bxc5 {[%emt 0:00:05] B45: Sicilian Four Knights.} Qxc5 16. Qd6 Qb6 17. Be2 {[%emt 0:10:45] White is slightly better.} g5 18. fxg5 {[%emt 0:06:35] aiming for Rad1.} Ng6 $1 {[%emt 0:04:03] ...Nh4+ is the strong threat. The board is on fire.} 19. h4 Qb8 ({Don't play} 19... Qxb2 20. Nd3 Qd2 21. Kf2 $16) 20. Qxb8+ Rxb8 21. b3 {[%emt 0:01:30] Strongly threatening Nd3.} Nxe5+ {[%emt 0:00:26] [#]} 22. Ke3 $146 ({Predecessor:} 22. Kf4 Ng6+ 23. Kg3 d6 24. h5 Ne5 25. Rhe1 Rg8 26. Nh3 c5 27. Rad1 Kd7 28. Bf3 {1-0 (60) Milliet,S (2390)-Loiseau,Q (2455) Chartres 2021}) 22... O-O 23. Rac1 c5 24. g3 Nc6 25. Nd3 d6 26. g4 (26. Nf4 $11) 26... Nd4 $15 27. gxf5 exf5 28. Bh5 {[%emt 0:00:53] Prevents Rfe8+.} Rbe8+ 29. Kd2 Re4 30. Nf2 Re5 31. Nd3 Bb7 32. Rhf1 Re4 33. Nf4 a5 34. Rce1 Bc6 35. Rxe4 fxe4 36. Be2 Nf3+ 37. Bxf3 exf3 38. Nd5 Bxd5 39. cxd5 $11 {[%emt 0:00:02][%mdl 4096] Endgame KR-KR} Rf4 40. Ke3 Rxh4 41. Rxf3 Rd4 42. Rf5 Kg7 43. Kf3 Rd2 44. Kg4 Rg2+ 45. Kh5 Rh2+ 46. Kg4 Rd2 47. Kh4 Rd4+ 48. Kg3 Kg6 49. Rf6+ Kxg5 50. Rxd6 h5 51. Rd8 h4+ 52. Kf3 Kf5 53. Ra8 a4 {[%emt 0:07:10] And now ...h3 would win.} 54. Ra5 axb3 55. axb3 Rd3+ 56. Kg2 $2 {[%emt 0:00:37][%mdl 8192] [#]} (56. Ke2 $11 {and White has nothing to worry.} Rxd5 57. Kf3) 56... Rc3 $1 $19 57. d6 Ke6 58. Rb5 (58. b4 $19 cxb4 59. Rb5) 58... Kxd6 $17 59. b4 $2 {[%emt 0:00:16] [#]} (59. Kh2 $17) 59... c4 $1 $19 {[%emt 0:00:41] ( -> ...Rb3)} 60. Rc5 Rg3+ $2 (60... h3+ $19 61. Kh2 Ke6) 61. Kh2 c3 62. Rc8 $2 (62. Kh1 $11) 62... Kd5 {[%emt 0:00:39] Black mates.} 63. b5 Kd4 64. b6 Rg7 65. Kh3 Rb7 66. Rc6 Kd3 67. Kxh4 c2 68. Rd6+ Kc3 69. Rc6+ Kb2 70. Kg4 c1=Q {[%emt 0:00:04] Weighted Error Value: White=0.35/Black=0.11 (very precise)} 0-1

[Event "Croatian 1A League 2022"]
[Site "Porec"]
[Date "2022.09.30"]
[Round "7.14"]
[White "Hracek, Zbynek"]
[Black "Janzelj, Tim"]
[Result "1-0"]
[ECO "B10"]
[WhiteElo "2556"]
[BlackElo "2456"]
[Annotator "TA"]
[PlyCount "103"]
[EventDate "2022.09.24"]
[EventType "team-tourn"]
[EventCountry "CRO"]
[SourceTitle "playchess.com"]
[Source "ChessBase"]
[SourceQuality "1"]
[TimeControl "40/5400+30:1800+30"]

1. e4 c6 2. Nf3 d5 3. d3 dxe4 4. dxe4 Qxd1+ 5. Kxd1 Nf6 6. Nbd2 {[%emt 0:00:18] B10: Caro-Kann: 2 d3 and 2 c4.} g6 {[%emt 0:12:41] 6...g6 scores better than 6...Bg4.} 7. Ne5 Nbd7 8. Nd3 {[%emt 0:04:46] The position is equal.} Bh6 9. f3 $1 O-O 10. Nc4 Bxc1 11. Kxc1 {[%emt 0:00:02] [#]} b6 $146 ({Predecessor:} 11... a5 12. a4 b6 13. b3 Ba6 14. Nde5 Bxc4 15. Nxc4 Rfd8 16. Kb2 Kf8 17. Be2 Ke8 {1-0 (37) Sanal,V (2601)-Yuan,Q (2373) Chess.com INT 2022}) 12. a4 Ba6 13. Nde5 Bxc4 14. Nxc4 Rfd8 15. c3 e5 (15... h5 $14) 16. Kc2 Kf8 17. g3 Ne8 18. h4 h5 19. Bh3 f6 20. b4 {[%emt 0:10:53] Against Nc5} Ke7 21. Rad1 {[%emt 0:02:03] White has more active pieces. The black rooks are badly placed.} Nf8 22. f4 Nd6 23. Nxd6 Rxd6 24. Rxd6 Kxd6 $14 {[%emt 0:00:01][%mdl 4096] Endgame KRB-KRN} 25. f5 $1 {[%emt 0:06:08] Inhibits Ne6.} gxf5 26. Rf1 (26. exf5 a5 $11) (26. Bxf5 $14 Ne6 27. g4) 26... f4 (26... a5 $11 {remains equal.}) 27. gxf4 $16 Ng6 (27... exf4 $16 {was necessary.} 28. Rxf4 Ke7) 28. Rd1+ $18 Ke7 29. Rd7+ Kf8 30. fxe5 Nxe5 31. Rh7 {[%emt 0:07:15] Strongly threatening Rh8+.} Kg8 {[%emt 0:00:01] Prevents Rh8+.} 32. Rb7 (32. Rxh5 $6 Kg7 $16) 32... Ng6 33. Be6+ Kh8 34. Bf7 $1 Kg7 35. a5 (35. Bd5+ $18 Kh6 36. Bxc6) 35... bxa5 (35... Nxh4 $16 36. Be6+ (36. axb6 axb6 37. Be6+ Kh6 $16) (36. Bxh5+ Kh6 $16) 36... Kh6) 36. bxa5 Nxh4 37. Bxh5+ Kh6 {[%emt 0:00:02] [#]} 38. Be2 ({White must play} 38. Bg4 $1 $18) 38... Ng6 $14 39. Kd2 Ne5 40. Ke3 {[%emt 0:00:00] And now Kf4 would win.} Kg6 {[%emt 0:00:00] [#]} (40... a6 $16 {was worth a try.} 41. Rb6 Rg8 42. Rxa6 (42. Bxa6 Ra8 $14) 42... Rg3+ 43. Kd2 (43. Kd4 Rg2 $16) 43... Kg5) 41. a6 $1 $18 Kg5 42. Re7 Kh6 43. Rb7 {[%emt 0:01:29] aiming for Kf4.} Kg5 $1 44. Rc7 (44. Rg7+ $18 {is more deadly.} Kh6 45. Rc7) 44... Kg6 $2 (44... f5 $16) 45. Kf4 Rd8 46. Rxa7 Rd2 47. Ra8 {[%emt 0:08:22][%cal Oa6a7] Threatens to win with a7!} Kg7 $2 {[%emt 0:08:51] [#]} (47... Rxe2 48. a7 Kg7) 48. a7 $1 Ra2 (48... Rxe2 49. Rc8) 49. Bg4 {[%emt 0:04:22] Hoping for Be6.} Nd3+ 50. Ke3 Nc5 51. Kd4 Nb7 {[%emt 0:00:15] [#]} 52. Rg8+ $3 {[%emt 0:00:31][%mdl 512] Weighted Error Value: White=0.23 (precise) /Black=0.56} 1-0

[Event "Croatian 1A League 2022"]
[Site "Porec"]
[Date "2022.09.30"]
[Round "7.15"]
[White "Ivekovic, Bozidar"]
[Black "Leventic, Ivan"]
[Result "1/2-1/2"]
[ECO "C43"]
[WhiteElo "2407"]
[BlackElo "2384"]
[Annotator "TA"]
[PlyCount "95"]
[EventDate "2022.09.24"]
[EventType "team-tourn"]
[EventCountry "CRO"]
[SourceTitle "playchess.com"]
[Source "ChessBase"]
[SourceQuality "1"]
[TimeControl "40/5400+30:1800+30"]

1. e4 e5 2. Nf3 Nf6 3. d4 Nxe4 4. dxe5 d5 5. Nbd2 Be7 6. c3 {[%emt 0:13:49] [#] C43: Petroff Defence: 3 d4.} Bf5 $146 ({Predecessor:} 6... O-O 7. Bd3 Nxd2 8. Bxd2 Bg4 9. h3 Bh5 10. Qc2 Bg6 11. Bxg6 hxg6 12. O-O-O Qd7 13. h4 Nc6 {1-0 (59) Bodnaruk,A (2432)-Gritsayeva,O (2373) Sochi 2017}) 7. Nd4 Bg6 8. Nxe4 {[%emt 0:22:30] White is slightly better.} dxe4 9. Qb3 Qc8 10. h4 {[%emt 0:00:14] [#] Threatens to win with h5. White has more active pieces.} h5 11. g3 {[%emt 0:00:07] Bh3 is the strong threat.} Nc6 12. Bh3 Nxd4 13. Qa4+ (13. cxd4 $16 Bf5 14. Bxf5 Qxf5 15. Qb5+ (15. Qxb7 O-O $16) 15... Qd7 16. Qxb7) 13... b5 $14 14. Qxd4 Qd8 (14... Bf5 $14 15. Bg2 Qb7) 15. Qxd8+ (15. Be3 $142) 15... Rxd8 $16 16. Be3 a5 17. Rd1 (17. O-O $16) 17... Rd3 18. Bf1 Rxd1+ 19. Kxd1 c6 20. Bh3 {[%emt 0:00:03] Inhibits Bf5.} f5 21. exf6 gxf6 22. Kc2 f5 23. a4 bxa4 24. Ra1 a3 25. bxa3 a4 26. Rb1 O-O 27. Rb6 Bxa3 28. Rxc6 Be8 29. Rc7 ({White should try} 29. Rh6 $16) 29... Bb5 $11 {[%emt 0:00:25] The position is equal.} 30. c4 Bd6 31. Ra7 Bxc4 {[%emt 0:00:51] [#] aiming for ...a3.} 32. Rxa4 Bd3+ 33. Kd2 Rb8 34. Bxf5 {[%emt 0:02:22] Strongly threatening Bd4.} Rb2+ 35. Kd1 Rb1+ 36. Bc1 Bc5 37. Bxe4 Bxe4 38. Rxe4 Bxf2 {[%emt 0:00:07][%mdl 4096] Endgame KRB-KRB} 39. Re2 {[%emt 0:01:45] Hoping for Kc2.} Bd4 (39... Bxg3 $2 40. Rg2 $18) 40. Kc2 Rb5 41. Kd3 Bf6 42. Bf4 Kf7 43. Ra2 Kg6 44. Ke4 Rb4+ 45. Kf3 Rb3+ 46. Kg2 Rb2+ 47. Rxb2 Bxb2 48. Kf3 {[%emt 0:00:08] Weighted Error Value: White=0.11 (very precise) /Black=0.10 (very precise)} 1/2-1/2

[Event "Croatian 1A League 2022"]
[Site "Porec"]
[Date "2022.09.30"]
[Round "7.16"]
[White "Zivkovic, Vjekoslav"]
[Black "Ostovic, Matija"]
[Result "1/2-1/2"]
[ECO "B07"]
[WhiteElo "2364"]
[BlackElo "2386"]
[Annotator "TA"]
[PlyCount "20"]
[EventDate "2022.09.24"]
[EventType "team-tourn"]
[EventCountry "CRO"]
[SourceTitle "playchess.com"]
[Source "ChessBase"]
[SourceQuality "1"]
[TimeControl "40/5400+30:1800+30"]

1. e4 d6 2. d4 Nf6 3. f3 e5 4. dxe5 dxe5 5. Qxd8+ Kxd8 6. Bc4 Ke8 $1 {[%emt 0:00:40] The main line 6...Ke8 scores better than 6...Be6.} 7. Be3 {[%emt 0:00:04] B07: Pirc Defence: Miscellaneous Systems.} a6 8. a4 {[%emt 0:00:50] [#]} Nbd7 $146 ({Predecessor:} 8... Nc6 9. c3 Bd6 10. b4 Ke7 11. Nd2 h6 12. Ne2 Be6 13. a5 Nd7 14. h4 b5 15. axb6 cxb6 {1-0 (42) Garcia Palermo,C (2403)-Romero Barreto,J (2340) Mar del Plata 2022}) 9. Nd2 Bc5 10. Kf2 b6 {[%emt 0:04:30] Black did not feel at home in the position after the opening.  Weighted Error Value: White=0.17 (very precise) /Black=0.07 (flawless)} 1/2-1/2

[Event "Croatian 1A League 2022"]
[Site "Porec"]
[Date "2022.09.30"]
[Round "7.17"]
[White "Boric, Muhamed"]
[Black "Medak, Bojan"]
[Result "1/2-1/2"]
[ECO "A46"]
[WhiteElo "2356"]
[BlackElo "2353"]
[Annotator "TA"]
[PlyCount "34"]
[EventDate "2022.09.24"]
[EventType "team-tourn"]
[EventCountry "CRO"]
[SourceTitle "playchess.com"]
[Source "ChessBase"]
[SourceQuality "1"]
[TimeControl "40/5400+30:1800+30"]

1. d4 Nf6 2. Nf3 c5 3. c3 e6 4. Bf4 cxd4 5. cxd4 Qb6 6. Qc2 Nc6 {[%emt 0:00:46][%cal Bb8c6,Bc6b4,Bb4d5][%mdl 32] A46: 1 d4 Nf6 2 Nf3 e6: Torre, London and Colle Systems.} 7. e3 {[%emt 0:00:05] The position is equal.} Nb4 8. Qc1 Nbd5 9. Bg3 Ne4 10. Bd3 Nxg3 11. hxg3 {[%emt 0:00:11] [#] An even fight not without its subleties.  Weighted Error Value: White=0.03 (flawless) /Black=0.02 (flawless)} {Predecessor:} Nb4 $146 12. Be2 d6 13. Nc3 Bd7 14. a3 Na6 15. Qd2 g6 16. Ng5 h6 17. Nh3 Bg7 {½-½ (35) Ravi,T (2384)-Malakhatko,V (2507) Mumbai 2016} 1/2-1/2

[Event "Croatian 1A League 2022"]
[Site "Porec"]
[Date "2022.09.30"]
[Round "7.18"]
[White "Mrkonjic, Nenad"]
[Black "Zovko, Mario"]
[Result "1/2-1/2"]
[ECO "D02"]
[WhiteElo "2347"]
[BlackElo "2306"]
[Annotator "TA"]
[PlyCount "34"]
[EventDate "2022.09.24"]
[EventType "team-tourn"]
[EventCountry "CRO"]
[SourceTitle "playchess.com"]
[Source "ChessBase"]
[SourceQuality "1"]
[TimeControl "40/5400+30:1800+30"]

1. d4 d5 2. Nf3 Nf6 3. Bf4 c5 4. c3 e6 5. e3 Bd6 6. Bxd6 Qxd6 7. Be2 O-O 8. O-O Nc6 9. Nbd2 {[%emt 0:06:37] The position is equal.} b6 {[%emt 0:02:25] D02: 1 d4 d5 2 Nf3 sidelines, including 2...Nf6 3 g3 and 2...Nf6 3 Bf4.} 10. h3 Bb7 11. a4 {[%emt 0:00:19] [#] An uneventful encounter.  Weighted Error Value: White=0.08 (flawless) /Black=0.06 (flawless)} {Predecessor:} Rad8 $146 12. Qb1 Ba8 13. Rd1 Qe7 14. Bd3 e5 15. dxe5 Nxe5 16. Be2 Rd6 17. Nxe5 Qxe5 {½-½ (60) Bezy,C (2040)-Flick,A (2310) Nancy 2018} 1/2-1/2

[Event "Croatian 1A League 2022"]
[Site "Porec"]
[Date "2022.09.30"]
[Round "7.19"]
[White "Fedorchuk, Sergey A."]
[Black "Shevchenko, Kirill"]
[Result "1/2-1/2"]
[WhiteElo "2617"]
[BlackElo "2645"]
[Annotator "TA"]
[PlyCount "28"]
[EventDate "2022.09.24"]
[EventType "team-tourn"]
[EventCountry "CRO"]
[SourceTitle "playchess.com"]
[Source "ChessBase"]
[SourceQuality "1"]
[TimeControl "40/5400+30:1800+30"]

1. e4 e6 2. d4 d5 3. Nd2 c5 4. exd5 Qxd5 5. Ngf3 cxd4 6. Bc4 Qd7 {[%emt 0:00:38] C07: French Tarrasch: 3...c5, 4 Ngf3 and 4 exd5 Qxd5.} 7. O-O {[%emt 0:00:12][%mdl 1024] White has compensation.} Nc6 {[%emt 0:00:48] [#] Not much happened in this game.} {Predecessor:} 8. Nb3 $146 a6 9. Nbxd4 Nxd4 10. Nxd4 Qc7 11. Bd3 Bd6 12. Re1 Bxh2+ 13. Kh1 Be5 14. Nxe6 Bxe6 {½-½ (49) Piorun,K (2623)-Shevchenko,K (2645) Bydgoszcz 2022} 1/2-1/2

[Event "Croatian 1A League 2022"]
[Site "Porec"]
[Date "2022.09.30"]
[Round "7.21"]
[White "Lalic, Bogdan"]
[Black "Muse, Drazen"]
[Result "1/2-1/2"]
[WhiteElo "2393"]
[BlackElo "2311"]
[Annotator "TA"]
[PlyCount "32"]
[EventDate "2022.09.24"]
[EventType "team-tourn"]
[EventCountry "CRO"]
[SourceTitle "playchess.com"]
[Source "ChessBase"]
[SourceQuality "1"]
[TimeControl "40/5400+30:1800+30"]

1. c4 c6 2. d4 d5 3. cxd5 cxd5 4. Nc3 Nf6 5. Bf4 Nc6 6. e3 a6 7. Bd3 Bg4 {[%emt 0:00:32] [#]} {Predecessor:} 8. f3 $146 {D10: Slav Defence: 3 cxd5 (without early Nf3) and 3 Nc3.} Bh5 9. g4 Bg6 10. Nge2 e6 11. h4 Bd6 12. Kf2 Bxd3 13. Qxd3 Bxf4 14. Nxf4 Qd6 15. Rac1 Nd7 16. Nce2 O-O {½-½ (70) Yakubboev,N (2620)-Sethuraman,S (2625) Abu Dhabi 2022} 1/2-1/2

[Event "Croatian 1A League 2022"]
[Site "Porec"]
[Date "2022.09.30"]
[Round "7.22"]
[White "Trbojevic, Mladen"]
[Black "Zaja, Ivan"]
[Result "1/2-1/2"]
[ECO "C95"]
[WhiteElo "2332"]
[BlackElo "2417"]
[Annotator "TA"]
[PlyCount "47"]
[EventDate "2022.09.24"]
[EventType "team-tourn"]
[EventCountry "CRO"]
[SourceTitle "playchess.com"]
[Source "ChessBase"]
[SourceQuality "1"]
[TimeControl "40/5400+30:1800+30"]

1. e4 e5 2. Nf3 Nc6 3. Bb5 a6 4. Ba4 Nf6 5. O-O Be7 6. Re1 b5 7. Bb3 d6 8. c3 O-O 9. h3 Nb8 10. d4 Nbd7 11. Nbd2 Bb7 12. Bc2 Re8 13. Nf1 Bf8 14. Ng3 g6 15. a4 Bg7 {[%emt 0:00:21] [#]} {Predecessor:} 16. Bd3 $146 {C95: Closed Ruy Lopez: Breyer Variation with 10 d4.} c6 17. b3 Qc7 18. Bb2 Rad8 19. axb5 axb5 20. Qc2 Qb6 21. Rad1 c5 22. d5 Ra8 23. Ra1 Reb8 24. Bf1 {0-1 (84) Pichot,A (2630)-Vidit,S (2726) Chess.com INT 2021} 1/2-1/2